[Event "5th Vardaris Open 2019"]
[Site "Thessaloniki"]
[Date "2019.03.08"]
[Round "2.5"]
[White "Nikolaou, Spiridon"]
[Black "Katsiampas, Efthymios"]
[Result "1-0"]
[ECO "E11"]
[WhiteElo "2235"]
[BlackElo "1847"]
[Annotator "NA RC"]
[PlyCount "67"]
[EventDate "2019.02.27"]
[EventType "swiss"]
[EventCountry "GRE"]
[SourceTitle "playchess.com"]
[Source "ChessBase"]
[SourceQuality "1"]
[TimeControl "6000+30"]

1. d4 Nf6 2. c4 e6 3. Nf3 Bb4+ 4. Nbd2 O-O 5. a3 Be7 6. e4 d5 7. e5 Nfd7 8. Bd3 {E11: Bogo-Indian} c5 9. Qc2 {LiveBook: 56 Games} (9. h4 g6 10. O-O Nc6 11. Nb3 dxc4 12. Bxc4 cxd4 13. Re1 a5 14. Bh6 Re8 15. Rc1 Nb6 {1-0 (39) Ding,L (2804)-Saric,I (2689) Batumi 2018}) 9... g6 10. O-O (10. b4 $5) 10... cxd4 $146 ({Predecessor:} 10... Nc6 11. Re1 Nxd4 12. Nxd4 cxd4 13. cxd5 exd5 14. Nb3 Re8 15. e6 Bf6 16. exf7+ Kxf7 17. Rxe8 Qxe8 {½-½ (54) Cmilyte,V (2497)-Lomineishvili,M (2351) Belgrade 2013}) 11. cxd5 exd5 12. Nb3 Nc6 13. Re1 $1 Qb6 14. Bh6 Nc5 ({Black should play} 14... Re8 $14) 15. Nxc5 Qxc5 16. Qxc5 Bxc5 17. b4 Bb6 18. Bxf8 Kxf8 19. h3 h5 (19... a5 $14) 20. Rad1 a6 21. Bc2 Ba7 (21... Ke7 $16 {was called for.} 22. Rd2 Be6) 22. Ng5 Nd8 23. Bb3 Be6 24. Rc1 Bb6 25. Nh7+ Kg7 26. Nf6 Nc6 27. Bxd5 Nxe5 $2 {[#]} (27... d3) 28. Nxh5+ $1 gxh5 29. Rxe5 {Double Attack} Kf6 30. Rxh5 Kg6 31. g4 Rd8 32. Be4+ Kf6 33. Bd3 Ke7 34. Rh6 $18 1-0

[Event "5th Vardaris Open 2019"]
[Site "Thessaloniki"]
[Date "2019.03.08"]
[Round "2.6"]
[White "Tsekmes, Dimitrios"]
[Black "Stergiou, Konstantinos"]
[Result "1-0"]
[ECO "C00"]
[WhiteElo "2138"]
[BlackElo "1802"]
[Annotator "NA RC"]
[PlyCount "79"]
[EventDate "2019.02.27"]
[EventType "swiss"]
[EventCountry "GRE"]
[SourceTitle "playchess.com"]
[Source "ChessBase"]
[SourceQuality "1"]
[TimeControl "6000+30"]

1. e4 e6 2. d4 d5 3. Bd3 c5 4. exd5 exd5 5. Nf3 Nf6 6. O-O {C01: French: Exchange Variation} cxd4 (6... c4 7. Re1+ Be7 8. Be2 O-O 9. b3 cxb3 10. axb3 Nc6 11. c3 Re8 12. Nbd2 Bd6 13. Bd3 Bg4 14. Rxe8+ Qxe8 {0-1 (52) Fontaine,R (2563)-Carlsen,M (2834) chess.com INT 2018}) 7. Nxd4 Be7 8. Nd2 O-O 9. Re1 $146 ({Predecessor:} 9. N2f3 Nc6 10. Nf5 Re8 11. Nxe7+ Qxe7 12. Bg5 Bg4 13. Re1 Qd6 {0-1 (44) Safarova,A (1599)-Asllani,M (2131) Kallithea 2016}) 9... Nc6 10. Nf5 Bc5 11. Nb3 Bb6 12. Bg5 Be6 (12... Bxf5 $11 13. Bxf5 Qd6) 13. c3 Bxf5 14. Bxf5 Qd6 15. Qf3 Bc7 16. Qh3 g6 17. Bc2 (17. Qh4 $14 Nh5 18. Bg4) 17... Rfe8 18. Nc5 Ne5 19. Nxb7 Qb6 20. Nc5 Nfg4 (20... Neg4 $11 21. Qh4 Qxc5 22. Bxf6 Rxe1+ 23. Rxe1 Bxh2+ 24. Kh1 Qxf2 25. Qxg4 Bc7) 21. b4 f5 $2 {[#]} (21... a5 $1 $11 22. a3 Bd6) 22. Ba4 (22. Bb3 $1 $18 Nc4 23. g3) 22... Nf7 23. Bxe8 Nxg5 24. Qd3 Qd6 25. g3 $1 Ne5 $2 (25... Ne4 $16 {might work better.}) 26. Rxe5 $1 Qxe5 27. Bc6 Rd8 28. f4 $18 Qd6 29. Nb7 Qxc6 30. Nxd8 Qb6+ 31. Kg2 Ne4 32. Qxd5+ Kh8 33. Qf7 Qd6 34. Qe8+ Kg7 35. Ne6+ Kf6 36. Nd4 Nxc3 37. Qc6 Ne4 38. Rc1 Bb6 39. Nb5 Qxc6 40. Rxc6+ 1-0

[Event "5th Vardaris Open 2019"]
[Site "Thessaloniki"]
[Date "2019.03.08"]
[Round "2.7"]
[White "Rahmanidis, Petros"]
[Black "Koronas, Vasilios"]
[Result "1-0"]
[ECO "B06"]
[WhiteElo "2112"]
[BlackElo "1791"]
[Annotator "NA RC"]
[PlyCount "44"]
[EventDate "2019.02.27"]
[EventType "swiss"]
[EventCountry "GRE"]
[SourceTitle "playchess.com"]
[Source "ChessBase"]
[SourceQuality "1"]
[TimeControl "6000+30"]

1. e4 g6 2. d4 Bg7 3. Nc3 d6 4. Be3 a6 5. a4 b6 6. Qd2 Nd7 7. f3 {B06: Modern Defence} (7. Nf3 Bb7 8. Bc4 e6 9. d5 e5 10. O-O h6 11. Ne1 f5 12. f3 Ne7 13. Nd3 f4 14. Bf2 g5 {1-0 (84) Straka,Z (2547)-Burghoff,A (2609) ICCF email 2012}) 7... c5 8. Nge2 cxd4 $146 ({Predecessor:} 8... Qc7 9. Nd5 Qb8 10. Ng3 Ra7 11. c4 e6 12. Nc3 Ne7 {0-1 (57) Medvegyne Balogh,E-Lengyel,L (2200) Heves 1999}) 9. Nxd4 Bb7 10. Be2 Rc8 11. Nd5 e6 12. Bg5 Ngf6 13. Nb4 Nc5 14. h4 h6 15. Be3 e5 (15... Nh5 $15) 16. Nb3 Nxb3 17. cxb3 a5 18. Bb5+ Ke7 19. Nd5+ Bxd5 20. exd5 Nd7 21. Bxd7 Kxd7 22. Qf2 Kc7 $18 (22... Qc7 $16) 1-0

[Event "5th Vardaris Open 2019"]
[Site "Thessaloniki"]
[Date "2019.03.08"]
[Round "2.8"]
[White "Alexa, Cosmin"]
[Black "Sidiropoulos, Nikolaos"]
[Result "0-1"]
[ECO "A45"]
[WhiteElo "1850"]
[BlackElo "2112"]
[Annotator "NA RC"]
[PlyCount "120"]
[EventDate "2019.02.27"]
[EventType "swiss"]
[EventCountry "GRE"]
[SourceTitle "playchess.com"]
[Source "ChessBase"]
[SourceQuality "1"]
[TimeControl "6000+30"]

1. d4 Nf6 2. Bf4 d5 3. e3 e6 4. Nd2 c5 5. c3 Nc6 6. Bd3 Bd6 7. Bg3 {D00: 1 d4 d5: Unusual lines} (7. Bxd6 Qxd6 8. f4 Bd7 9. a3 Ne7 10. Ngf3 Qb6 11. Rb1 Bb5 12. Bxb5+ Qxb5 13. Qe2 Qxe2+ 14. Kxe2 Rc8 {1-0 (58) Duda,J (2717)-Dziuba,M (2584) Katowice 2017}) 7... e5 8. dxe5 Nxe5 9. Bxe5 {LiveBook: 3 Games} Bxe5 10. Ngf3 Bc7 11. e4 $146 ({Predecessor:} 11. Qa4+ Bd7 12. Bb5 a6 13. Bxd7+ Qxd7 14. Qxd7+ Kxd7 {½-½ (33) Annaberdiev,M (2501)-Erigaisi,A (2499) Budapest 2018}) 11... O-O 12. O-O $1 Bg4 13. exd5 Qxd5 14. Qc2 Rad8 15. Be2 Qh5 16. h3 Bf5 17. Qa4 Rxd2 18. Nxd2 Qxe2 19. Qd1 Qb5 20. Qb3 Qc6 21. Rfe1 Rd8 22. Nf3 {[#]} Bxh3 $1 23. Rad1 Rxd1 24. Qxd1 Bg4 25. Ne5 Bxd1 26. Nxc6 bxc6 27. Rxd1 Kf8 28. b4 Nd5 29. bxc5 Nxc3 30. Rd3 Nd5 ({Don't do} 30... Nxa2 31. Rd7 $19) 31. Rb3 Ke7 32. Kf1 h5 33. a4 g5 34. a5 Bxa5 35. Rb7+ Ke6 36. Rxa7 Bb4 37. Ra6 Kd7 38. Ra7+ Nc7 39. f4 Bxc5 40. Ra5 Nb5 41. fxg5 Be7 42. Ra8 Bxg5 43. g3 h4 44. gxh4 Bxh4 45. Rf8 Ke7 46. Rc8 Kd6 47. Ke2 Kd5 48. Kf3 c5 49. Rb8 Nd6 50. Ke3 Bg5+ 51. Kd3 c4+ 52. Kc2 Be3 53. Rf8 f5 54. Kc3 f4 55. Kc2 Ke4 56. Rf6 Nf5 57. Re6+ Kd5 58. Rf6 Ke5 59. Rf8 f3 60. Re8+ Kf4 0-1

[Event "5th Vardaris Open 2019"]
[Site "Thessaloniki"]
[Date "2019.03.08"]
[Round "2.9"]
[White "Gavriilidis, Orestis"]
[Black "Triantafilidis, Mihail"]
[Result "1/2-1/2"]
[ECO "A46"]
[WhiteElo "1833"]
[BlackElo "2070"]
[Annotator "NA RC"]
[PlyCount "119"]
[EventDate "2019.02.27"]
[EventType "swiss"]
[EventCountry "GRE"]
[SourceTitle "playchess.com"]
[Source "ChessBase"]
[SourceQuality "1"]
[TimeControl "6000+30"]

1. d4 Nf6 2. Nf3 d6 3. Nc3 Nbd7 4. e4 e5 5. Bc4 Be7 6. O-O O-O 7. Re1 c6 8. a4 b6 9. d5 Bb7 10. dxc6 Bxc6 11. Nd5 {C41: Philidor Defence} (11. Bg5 a6 12. Bxf6 Nxf6 13. Qd3 Qc8 14. Nd2 Qb7 15. b4 Qc8 16. Nf1 a5 17. b5 Bd7 18. Ne3 Qc5 19. Ncd5 Nxd5 20. Nxd5 {1-0 (69) Potkin,V (2647)-Bologan,V (2672) Khanty-Mansiysk 2013}) 11... Nxd5 12. Bxd5 {LiveBook: 4 Games} Qc7 13. c3 Bxd5 14. Qxd5 Nf6 15. Qb3 h6 $146 ({Predecessor:} 15... Rad8 16. Bg5 h6 17. Bxf6 Bxf6 {0-1 (50) Varvaglione,A (2048)-Miracola,M (2149) Porto San Giorgio 2013}) 16. Bd2 Rad8 17. Rad1 d5 18. exd5 e4 19. Nd4 Rxd5 20. h3 Rfd8 21. Be3 a6 22. Ne2 Bc5 23. Bxc5 bxc5 24. Rxd5 Rxd5 25. Rd1 Rd3 26. Nc1 Rd6 27. Rxd6 Qxd6 28. Qc2 Nh5 29. Qe2 Nf4 30. Qe3 g5 31. g3 Nd3 32. Ne2 Nxb2 33. Qxe4 Qd1+ 34. Kg2 Qxa4 35. Qb7 Nd3 36. Qd5 Qd1 37. Qe4 a5 38. Nc1 Nxc1 39. Qe8+ Kg7 40. Qe5+ Kh7 41. Qe4+ Kg7 42. Qe5+ Kf8 43. Qxc5+ Ke8 44. Qe5+ Kd7 45. Qxa5 Qd6 46. Qa7+ Kc6 (46... Qc7 $17 47. Qd4+ Kc8) 47. Qxf7 Nd3 48. Qe8+ Kc5 49. Qe4 Kb5 50. h4 gxh4 51. Qxh4 Qd5+ 52. Kh2 Nxf2 53. c4+ Qxc4 54. Qxc4+ Kxc4 55. Kg2 Nd3 56. Kf3 h5 57. Ke4 Nf2+ 58. Kf4 Nh1 59. Kf3 {[#]} Nxg3 $11 60. Kxg3 1/2-1/2

[Event "5th Vardaris Open 2019"]
[Site "Thessaloniki"]
[Date "2019.03.08"]
[Round "2.10"]
[White "Stergiou, Georgios"]
[Black "Stefan, Victor"]
[Result "0-1"]
[ECO "C07"]
[WhiteElo "1798"]
[BlackElo "2065"]
[Annotator "NA RC"]
[PlyCount "106"]
[EventDate "2019.02.27"]
[EventType "swiss"]
[EventCountry "GRE"]
[SourceTitle "playchess.com"]
[Source "ChessBase"]
[SourceQuality "1"]
[TimeControl "6000+30"]

1. e4 e6 2. d4 d5 3. Nd2 c5 4. exd5 Qxd5 5. Ngf3 cxd4 6. Bc4 Qd8 7. Nb3 {C07: French Tarrasch: 3...c5, 4 Ngf3 and 4 exd5 Qxd5} (7. O-O Nc6 8. Nb3 a6 9. Nbxd4 Nxd4 10. Qxd4 Qxd4 11. Nxd4 Nf6 12. Be2 e5 13. Nb3 Be6 14. Rd1 Rc8 15. c3 Be7 16. Bf3 e4 17. Be2 O-O 18. Nd4 Bg4 19. Bxg4 Nxg4 {1-0 (51) Salem,A (2660)-Goganov,A (2612) St Petersburg 2018}) 7... Qc7 8. Qxd4 Nc6 $1 9. Qd1 Bd6 10. Qe2 a6 11. c3 Nge7 12. Nbd4 $146 ({Predecessor:} 12. Bd3 Bd7 13. Ng5 Ng6 14. Ne4 Nce5 15. Nxd6+ Qxd6 16. Bxg6 hxg6 17. Nd4 Nc6 18. Be3 Rxh2 19. O-O-O Rxh1 20. Rxh1 O-O-O 21. Nb3 Ne5 {½-½ (21) Nolsoe,E (2178)-Rodgaard,J (2362) Oyrabakki 2000}) 12... b5 13. Bb3 Nxd4 14. Nxd4 Bb7 15. Qg4 Ng6 16. Nf3 O-O 17. h4 Ne5 18. Nxe5 Bxe5 19. O-O Kh8 20. Re1 Rae8 21. Bc2 f5 22. Qh3 Bd6 23. h5 Qc6 24. f3 Bb8 (24... f4 $15 25. Kh1 e5) 25. Be3 b4 26. Rac1 bxc3 27. Bb3 e5 28. Rxc3 Qf6 29. Bc5 Bd6 30. Bxd6 Qxd6 31. Rd1 Qb6+ 32. Kh2 e4 33. f4 Qf2 34. Qe3 Qh4+ 35. Kg1 Rd8 $2 ({Black should play} 35... Re7 $11) 36. Rdc1 Rd3 37. Rxd3 exd3 38. Qxd3 Qxf4 39. Rf1 Qg5 40. Rf2 Re8 41. Qd1 (41. Bd5 $5 Re1+ 42. Rf1 Rxf1+ 43. Kxf1 Qc1+ 44. Ke2 Qxb2+ 45. Kd1 Bxd5 46. Qxd5 Qb1+ 47. Ke2 $15) 41... h6 42. Bf7 Rc8 43. Rc2 Rd8 44. Qe1 Be4 45. Re2 Rc8 46. Qf2 Qg4 47. Rd2 f4 48. Re2 f3 49. Rxe4 Qxe4 50. Bg6 Rc1+ 51. Kh2 Qe5+ 52. Kh3 Qf4 53. g3 Rh1+ 0-1

[Event "5th Vardaris Open 2019"]
[Site "Thessaloniki"]
[Date "2019.03.09"]
[Round "3.4"]
[White "Stefan, Victor"]
[Black "Nikolaou, Spiridon"]
[Result "0-1"]
[ECO "E92"]
[WhiteElo "2065"]
[BlackElo "2235"]
[Annotator "NA"]
[PlyCount "70"]
[EventDate "2019.02.27"]
[EventType "swiss"]
[EventCountry "GRE"]
[SourceTitle "playchess.com"]
[Source "ChessBase"]
[SourceQuality "1"]
[TimeControl "6000+30"]

1. d4 Nf6 2. c4 g6 3. Nc3 Bg7 4. e4 O-O 5. Nf3 d6 6. Be2 e5 7. d5 a5 8. Bg5 h6 9. Be3 {LiveBook: 148 Games} Ng4 {E92: King's Indian: Classical: 6 Be2 e5: 7 dxe5, 7 Be3 and Petrosian System without 7...Nbd7} 10. Bd2 Na6 (10... f5 11. h3 Nf6 12. exf5 gxf5 13. g3 Na6 14. Qc1 Kh7 15. Nh4 Nc5 16. Be3 Nfe4 17. Nxe4 Nxe4 {½-½ (42) Korobov,A (2678)-Kovalev,V (2650) Poikovsky 2018}) 11. h3 Nf6 12. g4 Nc5 13. Qc2 c6 14. Be3 cxd5 15. cxd5 Ncxe4 $146 ({Predecessor:} 15... b6 16. Nd2 Bd7 17. a4 {1-0 (54) Cuenca Jimenez,J (2478)-Alonso Garcia,R (2346) Llucmajor 2017}) 16. Nxe4 Nxd5 17. Qd2 Nxe3 18. fxe3 d5 19. Nc3 Be6 20. e4 dxe4 21. Qxd8 $1 Raxd8 22. Nd2 f5 23. O-O-O e3 $15 24. Nc4 f4 25. Nxa5 Rd4 26. Bf3 Rc8 27. Kb1 e4 28. Rxd4 exf3 29. Rxf4 Bxc3 30. bxc3 Bd5 31. c4 g5 32. Rd4 f2 33. cxd5 e2 34. Rdd1 exd1=Q+ 35. Rxd1 Re8 0-1

[Event "5th Vardaris Open 2019"]
[Site "Thessaloniki"]
[Date "2019.03.09"]
[Round "3.6"]
[White "Yordanov, Nikolay Plamenov"]
[Black "Kanakaris, Georgios"]
[Result "0-1"]
[ECO "B22"]
[WhiteElo "2242"]
[BlackElo "2403"]
[Annotator "NA"]
[PlyCount "92"]
[EventDate "2019.02.27"]
[EventType "swiss"]
[EventCountry "GRE"]
[SourceTitle "playchess.com"]
[Source "ChessBase"]
[SourceQuality "1"]
[TimeControl "6000+30"]

1. e4 c5 2. c3 d6 3. d4 Nf6 4. Bd3 e6 5. Nf3 Be7 6. O-O {B07: Pirc Defence: Miscellaneous Systems} Nbd7 7. Re1 Qc7 (7... O-O 8. Nbd2 cxd4 9. cxd4 b6 10. Nf1 Bb7 11. Ng3 Rc8 12. Qe2 Re8 13. Bd2 {½-½ (27) Fressinet,L (2696)-Vachier Lagrave,M (2715) Clichy 2011}) 8. Nbd2 e5 9. a4 $146 ({Predecessor:} 9. dxe5 dxe5 10. a4 O-O 11. Nc4 Rd8 12. Bg5 Nb6 13. Qc2 {0-1 (51) Doric,N (2369)-Loncar,R (2385) Kastav 2004}) 9... O-O 10. d5 Ne8 11. Nc4 g6 12. Bh6 Ng7 13. Ne3 Nf6 14. h3 Kh8 15. Bg5 Nfh5 16. Bh6 f5 17. Ng5 f4 18. Ng4 Bxg5 19. Bxg5 f3 20. g3 c4 21. Re3 h6 22. Nxh6 cxd3 23. Rxf3 Bd7 24. Qxd3 Kh7 25. Ng4 $14 Rae8 26. Qe3 Rxf3 27. Qxf3 Qc8 28. Nf6+ Nxf6 29. Qxf6 Bxh3 30. Qxd6 Qg4 31. Kh2 Qh5 32. Qf6 Kg8 33. Be3 Bd7+ 34. Qh4 Qf3 35. Bxa7 Nh5 36. Re1 Nf6 37. Be3 g5 38. Qxg5+ Kf7 39. Qh4 Rg8 40. Kg1 Rg7 41. Qh1 Bg4 42. Qg2 Rh7 43. Bg5 Nxe4 44. Bh4 Nd2 45. Kh2 Rxh4+ 46. gxh4 Qf4+ 0-1

[Event "5th Vardaris Open 2019"]
[Site "Thessaloniki"]
[Date "2019.03.09"]
[Round "3.7"]
[White "Nomin-Erdene, Davaademberel"]
[Black "Patrikos, Ioannis"]
[Result "1-0"]
[ECO "B01"]
[WhiteElo "2389"]
[BlackElo "2083"]
[Annotator "NA"]
[PlyCount "81"]
[EventDate "2019.02.27"]
[EventType "swiss"]
[EventCountry "GRE"]
[SourceTitle "playchess.com"]
[Source "ChessBase"]
[SourceQuality "1"]
[TimeControl "6000+30"]

1. e4 d5 2. exd5 Qxd5 3. Nc3 Qd8 4. d4 Nf6 5. Nf3 Bg4 6. h3 Bxf3 {B01: Scandinavian Defence} 7. Qxf3 c6 8. Ne2 (8. Be3 e6 9. O-O-O Bb4 10. Ne4 Nxe4 11. Qxe4 Qd5 12. Qxd5 cxd5 13. c4 dxc4 14. Bxc4 {1-0 (41) Dominguez Perez,L (2739)-Pichot,A (2552) chess.com INT 2018}) 8... e6 9. g4 Qd5 10. Bg2 Qxf3 11. Bxf3 Bd6 $146 ({Predecessor:} 11... Na6 12. c3 Bd6 13. O-O Nc7 14. c4 {1-0 (51) Haast,A (2365)-Milovic,A (2202) Reykjavik 2015}) 12. g5 Nd5 13. c4 Ne7 14. Bd2 Nd7 15. h4 O-O-O 16. Bc3 Nf5 17. O-O-O Rhe8 18. b4 e5 19. Bg4 g6 20. Bxf5 gxf5 21. Kc2 e4 22. c5 Bc7 23. d5 $16 cxd5 24. Rxd5 Ne5 25. Rhd1 Rxd5 26. Rxd5 e3 27. f4 Nf3 28. Rxf5 Re7 29. h5 Kd7 30. Rf6 Ke8 31. Kd3 Nh4 32. b5 Ng2 33. Bd4 Ne1+ 34. Kc4 Nf3 35. Bc3 Re4+ 36. Kd3 Re7 37. Rh6 Nh4 38. Rxh7 Ng2 39. Rh8+ Kd7 40. h6 Bxf4 41. h7 1-0

[Event "5th Vardaris Open 2019"]
[Site "Thessaloniki"]
[Date "2019.03.09"]
[Round "3.8"]
[White "Gavrish, Leonid"]
[Black "Spyropoulos, Nikolaos"]
[Result "0-1"]
[ECO "E48"]
[WhiteElo "2092"]
[BlackElo "2385"]
[Annotator "NA"]
[PlyCount "216"]
[EventDate "2019.02.27"]
[EventType "swiss"]
[EventCountry "GRE"]
[SourceTitle "playchess.com"]
[Source "ChessBase"]
[SourceQuality "1"]
[TimeControl "6000+30"]

1. d4 Nf6 2. c4 e6 3. Nc3 Bb4 4. e3 O-O 5. Bd3 d5 6. cxd5 exd5 7. Nge2 Re8 8. O-O $1 Bf8 9. f3 c5 {E48: Nimzo-Indian: Rubinstein: 5 Bd3 d5 including 6 Ne2, but excluding 6 a3} 10. Qe1 Nc6 11. Qh4 g6 12. Bd2 $146 ({Predecessor:} 12. Rd1 Be6 13. Bd2 Nd7 14. Qf2 Bg7 15. Rac1 cxd4 16. exd4 Nb6 17. b3 {1-0 (46) Adly,A (2460)-Kurajica,B (2548) Turin 2006}) 12... b6 13. Rad1 Bb7 14. Bc1 Bg7 15. Bb1 Qe7 16. Rfe1 Rad8 17. Kh1 Na5 18. dxc5 bxc5 19. b3 Nc6 20. e4 dxe4 $1 21. Nxe4 Nxe4 22. Qxe7 Nf2+ 23. Kg1 Nh3+ 24. gxh3 Rxe7 25. Rxd8+ Nxd8 26. Kf2 Bf6 27. Be3 Ne6 28. Rd1 Ng5 $11 29. Ng1 Ne6 30. Ne2 Kg7 31. Rd2 Bh4+ 32. Ng3 Ng5 33. Bxc5 Nxh3+ 34. Kg2 Nf4+ 35. Kf2 Re8 36. Bxa7 Bg5 37. Rd7 Bc8 38. Bd4+ Kg8 39. Ra7 Rd8 40. Ra8 Rxd4 41. Rxc8+ Kg7 42. Ne4 Bh6 43. Bc2 f5 44. Rc7+ Kf8 45. Nf6 Rd2+ 46. Kf1 Bg7 47. Nxh7+ Kg8 48. Ng5 Bd4 49. b4 Rxh2 50. Bb3+ Kh8 51. Rc8+ Kg7 52. Ne6+ Nxe6 53. Bxe6 Rf2+ 54. Ke1 Rxf3 55. Bd5 Re3+ 56. Kf1 f4 57. a4 Ra3 58. a5 f3 59. Rc7+ Kh6 60. Rc1 g5 61. b5 Rxa5 62. Bxf3 Rxb5 63. Rc6+ Kg7 64. Kg2 Bf6 65. Kg3 Rb3 66. Kg4 Rb4+ 67. Kg3 Kg6 68. Bd1 Kf5 69. Bc2+ Ke5 70. Bd1 Be7 71. Rg6 Bf6 72. Rg8 Rc4 73. Bf3 Kf5 74. Be2 Rc3+ 75. Kg2 Kf4 76. Rf8 Rc6 77. Ra8 Rc2 78. Re8 Bd4 79. Rf8+ Ke4 80. Re8+ Kf5 81. Rf8+ Bf6 82. Kf1 Rc6 83. Kg2 Kf4 84. Ra8 Rc2 85. Re8 g4 86. Kf1 Bd4 87. Bxg4 Kxg4 88. Re2 Rc1+ 89. Re1 Rc3 90. Ke2 Kf4 91. Kd2 Ra3 92. Re8 Be5 93. Kc2 Ke4 94. Re7 Rc3+ 95. Kd2 Rb3 96. Kc2 Rb2+ 97. Kc1 Rh2 98. Kb1 Rb2+ 99. Kc1 Ra2 100. Kb1 Rg2 101. Re8 Kd4 102. Re7 Kd5 103. Re8 Bc3 104. Rc8 Kd4 105. Rc7 Kd3 106. Rd7+ Bd4 107. Rc7 Rg6 108. Rd7 Ra6 0-1

[Event "5th Vardaris Open 2019"]
[Site "Thessaloniki"]
[Date "2019.03.09"]
[Round "3.9"]
[White "Delorme, Alban"]
[Black "Gavriil, Odysseas-Panagiotis"]
[Result "1-0"]
[ECO "B17"]
[WhiteElo "2305"]
[BlackElo "2065"]
[Annotator "NA"]
[PlyCount "99"]
[EventDate "2019.02.27"]
[EventType "swiss"]
[EventCountry "GRE"]
[SourceTitle "playchess.com"]
[Source "ChessBase"]
[SourceQuality "1"]
[TimeControl "6000+30"]

1. e4 c6 2. d4 d5 3. Nc3 dxe4 4. Nxe4 Nd7 5. Bc4 Ngf6 6. Nxf6+ Nxf6 {LiveBook: 303 Games} 7. c3 Qc7 8. Nf3 Bf5 9. O-O {B17: Caro-Kann: Modern Line (4...Nd7)} e6 10. Re1 (10. Qe2 Bg4 11. h3 Bxf3 12. Qxf3 Be7 13. Re1 O-O 14. g3 Rad8 15. Kg2 Rd7 16. h4 a6 17. a4 c5 18. dxc5 Qxc5 19. Bb3 Qb6 20. Bc2 Rfd8 21. Re2 a5 {½-½ (34) Leko,P (2723)-Wang,H (2710) Beijing 2014}) 10... Bd6 11. b4 $146 (11. Bd3 $14 Bxd3 12. Qxd3) ({Predecessor:} 11. Ne5 h6 12. Qf3 O-O 13. g4 Bxe5 14. gxf5 Bxh2+ 15. Kg2 Bd6 16. Rh1 Rae8 17. Bg5 Nh7 18. Bxh6 gxh6 19. Rxh6 {½-½ (81) Shanava,K (2545)-Paichadze,L (2559) Lagodekhi 2016}) 11... O-O 12. a3 Rfe8 13. h3 h6 14. Qb3 Nd5 15. Bf1 Nf4 16. c4 Qd8 17. Bb2 Qf6 18. d5 Qg6 19. Nh4 Bc2 20. Qc3 Qg5 21. g3 Bf5 $18 (21... Ba4 $142 22. Nf3 Qg6) 22. Nxf5 exf5 23. dxc6 bxc6 24. Qf3 Rxe1 25. Rxe1 Nh5 26. c5 Bf8 27. h4 Qg4 28. Bg2 Rc8 29. Qxg4 fxg4 30. Re4 Nf6 31. Bxf6 gxf6 32. Rxg4+ Kh7 33. Rd4 Rc7 34. Rd8 Kg7 35. Bh3 a5 36. Rd7 Rxd7 37. Bxd7 axb4 38. axb4 Kg6 39. Bxc6 Kf5 40. f4 Be7 41. Kf2 Ke6 42. Ke3 Bf8 43. Kd4 Ke7 44. b5 Kd8 45. Kd5 Kc7 46. b6+ Kc8 47. Be8 Kb7 48. Bxf7 Ka6 49. Kc6 Be7 50. Bc4+ 1-0

[Event "5th Vardaris Open 2019"]
[Site "Thessaloniki"]
[Date "2019.03.09"]
[Round "3.10"]
[White "Triantafilidis, Mihail"]
[Black "Markidis, Konstantinos"]
[Result "1/2-1/2"]
[ECO "C60"]
[WhiteElo "2070"]
[BlackElo "2293"]
[Annotator "NA"]
[PlyCount "61"]
[EventDate "2019.02.27"]
[EventType "swiss"]
[EventCountry "GRE"]
[SourceTitle "playchess.com"]
[Source "ChessBase"]
[SourceQuality "1"]
[TimeControl "6000+30"]

1. e4 e5 2. Nf3 Nc6 3. Bb5 g6 4. O-O Bg7 5. c3 a6 6. Ba4 Nge7 7. d4 exd4 8. cxd4 b5 9. Bb3 d6 10. h3 (10. a4 $5 ) 10... O-O 11. Nc3 Bb7 12. a4 Na5 13. axb5 axb5 14. Nxb5 Bxe4 15. Ba2 (15. Bc2 $11 Bc6 16. Bd3) 15... Nac6 16. Nc3 $15 Bf5 17. Re1 h6 18. Be3 Nb4 19. Bb3 Rb8 20. g4 Bd7 21. d5 Re8 22. Bd4 c5 23. dxc6 Nbxc6 24. Bxg7 Kxg7 25. Ne4 d5 26. Bxd5 Bxg4 27. Bxc6 Qxd1 28. Raxd1 Bxf3 29. Bxe8 Bxd1 30. Bxf7 Kxf7 31. Rxd1 1/2-1/2

[Event "5th Vardaris Open 2019"]
[Site "Thessaloniki"]
[Date "2019.03.09"]
[Round "4.1"]
[White "Nikolaou, Spiridon"]
[Black "Sidiropoulos, Nikolaos"]
[Result "1/2-1/2"]
[ECO "A09"]
[WhiteElo "2235"]
[BlackElo "2112"]
[Annotator "NA"]
[PlyCount "26"]
[EventDate "2019.02.27"]
[EventType "swiss"]
[EventCountry "GRE"]
[SourceTitle "playchess.com"]
[Source "ChessBase"]
[SourceQuality "1"]
[TimeControl "6000+30"]

1. Nf3 d5 2. c4 d4 3. e3 Nc6 4. d3 e5 5. a3 a5 6. g3 Nf6 7. e4 Be7 8. Bg2 O-O 9. O-O Nd7 10. Nbd2 a4 11. Ne1 Nc5 12. f4 exf4 13. gxf4 f5 1/2-1/2

[Event "5th Vardaris Open 2019"]
[Site "Thessaloniki"]
[Date "2019.03.10"]
[Round "5.9"]
[White "Salahidou, Reveka"]
[Black "Tsaknakis, Zisis"]
[Result "0-1"]
[ECO "B06"]
[WhiteElo "1941"]
[BlackElo "2243"]
[Annotator "NA RC"]
[PlyCount "62"]
[EventDate "2019.02.27"]
[EventType "swiss"]
[EventCountry "GRE"]
[SourceTitle "playchess.com"]
[Source "ChessBase"]
[SourceQuality "1"]
[TimeControl "6000+30"]

1. e4 g6 2. d4 Bg7 3. Nc3 c6 4. g3 d6 5. Bg2 Nd7 6. Nge2 e5 7. d5 Nb6 8. O-O Ne7 9. f4 cxd5 10. exd5 O-O 11. Kh1 exf4 12. Bxf4 Nc4 13. Qc1 Bg4 14. Rb1 Qa5 15. b4 Qb6 16. h3 Bxe2 17. Nxe2 Nf5 18. Rb3 Rfe8 19. Bf3 Nce3 20. Re1 Rac8 21. c3 Nc4 22. Kg2 Nfe3+ 23. Kh1 Nf5 24. Kg2 Qa6 25. a3 Nce3+ 26. Kh1 Qc4 27. Rb2 Nxd5 28. Bd2 Rxe2 29. Bxe2 Nxg3+ 30. Kh2 Nxe2 31. Qb1 Ndxc3 0-1

[Event "5th Vardaris Open 2019"]
[Site "Thessaloniki"]
[Date "2019.03.10"]
[Round "6.5"]
[White "Delorme, Alban"]
[Black "Sidiropoulos, Nikolaos"]
[Result "1-0"]
[ECO "D78"]
[WhiteElo "2305"]
[BlackElo "2112"]
[Annotator "NA RC"]
[PlyCount "79"]
[EventDate "2019.02.27"]
[EventType "swiss"]
[EventCountry "GRE"]
[SourceTitle "playchess.com"]
[Source "ChessBase"]
[SourceQuality "1"]
[TimeControl "6000+30"]

1. Nf3 d5 2. d4 Nf6 3. g3 g6 4. Bg2 Bg7 5. O-O O-O 6. c4 c6 7. Nc3 dxc4 8. Ne5 Ng4 9. f4 {[%emt 0:00:07] D78: Fianchetto Grünfeld: 6 0-0 c6} (9. Nxg4 Bxg4 10. Be3 Qa5 11. Qc1 Rd8 12. Rd1 Na6 13. f3 Be6 14. Bf2 Rd7 15. a3 Rad8 16. e3 c5 17. d5 Bxd5 18. Nxd5 Rxd5 19. Rxd5 Rxd5 20. Qxc4 {½-½ (72) Dzagnidze,N (2535)-Sasikiran,K (2700) Caleta 2012}) 9... Nxe5 10. dxe5 Qxd1 11. Rxd1 Na6 12. Be3 f6 13. exf6 Bxf6 $146 ({Predecessor:} 13... exf6 14. Rd6 Re8 15. Bf2 Be6 16. Rad1 f5 {0-1 (37) Kopasz,R (2295)-Berebora,F (2428) Hungary 2016}) 14. Bd4 Be6 15. Bxf6 exf6 16. Ne4 Rad8 ({Black should play} 16... Rae8 $15) 17. Nxf6+ Kg7 18. Ne4 h6 19. Rd6 Bd5 20. Rd1 Rde8 21. Rd7+ Kh8 22. Nd6 Nc5 23. Nxe8 ({Don't play} 23. Bxd5 $6 Nxd7) 23... Nxd7 24. Bxd5 cxd5 25. Nc7 Nf6 26. Nxd5 Rd8 (26... g5 {is a better defense.} 27. Nc3 gxf4) 27. Nc3 Rxd1+ 28. Nxd1 b5 29. Kf2 Kg7 30. Kf3 Kf7 31. Nc3 a6 32. a4 bxa4 33. Nxa4 Nd7 34. Ke4 Ke6 35. Kd4 Kf5 36. h3 Nf6 37. Nc5 g5 $18 38. e4+ Nxe4 39. Nxe4 gxf4 40. g4+ {[%emt 0:00:27] Kxe4+ Kxe4} 1-0